 Dungeon Crawl Stone Soup version 0.30-a0-304-gdc4b735fe1 (webtiles) character file.

Game seed: 11255397699231873546

71 ryw the Trooper (level 4, 38/38 HPs)
             Began as a Demonspawn Monk on Oct 21, 2022.
             Quit the game on level 2 of the Dungeon.
             The game lasted 00:03:12 (1613 turns).

ryw the Trooper (Demonspawn Monk)                   Turns: 1613, Time: 00:03:13

Health: 38/38      AC:  4    Str: 12    XL:     4   Next: 5%
Magic:  4/4        EV: 12    Int: 13    God:
Gold:   74         SH:  0    Dex: 15    Spells: 3/3 levels left

rFire   . . .      SeeInvis .      - Unarmed
rCold   . . .      Faith    .    (no shield)
rNeg    . . .      Spirit   .    a - +0 troll leather armour
rPois   +          Reflect  .    (helmet restricted)
rElec   .          Harm     .    f - scarf {shadows}
rCorr   .          Rampage  .    (no gloves)
Will    .....                    (no boots)
Stlth   ++........               (no amulet)
HPRegen 1.06/turn                d - ring of poison resistance
MPRegen 0.09/turn                (no ring)

@: no status effects
A: horns 1, sturdy frame 1, demonic magic 1
a: no special abilities


You were on level 2 of the Dungeon.
You visited 1 branch of the dungeon, and saw 2 of its levels.

You collected 74 gold pieces.

Inventory:

Missiles
 l - 3 curare-tipped darts (quivered)
Armour
 a - a +0 troll leather armour (worn)
 f - a scarf of shadows (worn)
Jewellery
 d - a ring of poison resistance (left hand)
Scrolls
 e - a scroll of summoning {unknown}
 i - 2 scrolls of fog {unknown}
 j - a scroll of fear {unknown}
 k - a scroll of immolation {unknown}
 o - a scroll of teleportation {unknown}
Potions
 b - a potion of ambrosia
 c - 2 potions of attraction
 g - 2 potions of lignification
 h - a potion of degeneration {unknown}
 m - a potion of brilliance {unknown}
 n - a potion of curing {unknown}


   Skills:
 + Level 4.3 Fighting
 - Level 2.6 Dodging
 + Level 2.9 Stealth
 - Level 2.6 Unarmed Combat


You had 3 spell levels left.
You didn't know any spells.
Your spell library contained the following spells:

 Spells                   Type           Power      Damage    Failure   Level
 Apportation              Tloc           0%         N/A       32%         1
 Necrotise                Necr           0%         1d4       32%         1
 Summon Small Mammal      Summ           0%         N/A       32%         1


Dungeon Overview and Level Annotations

Branches:
Dungeon (2/15)

Altars:


Innate Abilities, Weirdness & Mutations

You have a pair of small horns on your head.
Your movements are slightly less encumbered by armour. (ER -2)
Spells you cast may paralyse adjacent enemies.


Message History

You barely miss the bat. The bat hits you but does no damage.
The bat barely misses you. The bat hits you but does no damage.
You hit the bat.
You kill the bat!
No target in view!
No target in view!
No target in view!
Found a whip.
You see here a +0 whip.
A quokka comes into view.
The helpless quokka fails to defend itself.
You hit the quokka.
The quokka is lightly wounded.
The quokka bites you.
You closely miss the quokka.
The quokka is lightly wounded.
The quokka bites you. The quokka closely misses you.
You hit the quokka. Your headbutt misses the quokka.
The quokka is almost dead.
The quokka bites you but does no damage.
You hit the quokka but do no damage. Your headbutt misses the quokka.
The quokka is almost dead.
The quokka bites you but does no damage.
You barely miss the quokka.
The quokka is almost dead.
The quokka bites you but does no damage.
You barely miss the quokka.
The quokka is almost dead.
The quokka misses you.
You miss the quokka. Your headbutt misses the quokka.
The quokka is almost dead.
The quokka bites you.
You hit the quokka.
You kill the quokka!
No target in view!
Key pressed, stopping explore.
No target in view!
A ball python comes into view.
The ball python hisses angrily.
Are you sure you want to abandon this character and quit the game? (Confirm with "yes".)

..##.......
..##.....#.
...........
.........#.
..##.....# .........#
...#.....#.##########
.............S......#
...#...### #@#
...#).. #.# ...# ..
#.# ...##..##
.#####.#### .........
..........# ...##..##
.#####.#### .........
.. #.# ...##..
#.##.##.#
...##..###.##.##.####


You could see a ball python.

Vanquished Creatures
  3 adders (D:2)
  3 dart slugs
  4 bats
  3 endoplasms (D:1)
  2 giant cockroaches
  2 goblins (D:1)
  3 hobgoblins
  A kobold (D:1)
  3 quokkas
  5 ball pythons
  5 frilled lizards
  3 rats
37 creatures vanquished.

Vanquished Creatures (others)
  2 plants (D:1)
2 creatures vanquished.

Grand Total: 39 creatures vanquished

Notes
Turn   | Place    | Note
-------+----------+-------------------------------------------
     0 | D:1      | ryw the Demonspawn Monk began the quest for the Orb.
     0 | D:1      | Reached XP level 1. HP: 18/18 MP: 1/1
   169 | D:1      | Gained mutation: Spells you cast may paralyse adjacent
                  | enemies. [demonic ancestry]
   169 | D:1      | Reached XP level 2. HP: 13/24 MP: 2/2
   784 | D:1      | Gained mutation: Your movements are slightly less
                  | encumbered by armour. (ER -2) [demonic ancestry]
   784 | D:1      | Reached XP level 3. HP: 30/30 MP: 3/3
  1060 | D:2      | Reached skill level 4 in Fighting
  1347 | D:2      | Gained mutation: You have a pair of small horns on your
                  | head. [demonic ancestry]
  1347 | D:2      | Reached XP level 4. HP: 35/37 MP: 4/4
  1613 | D:2      | Quit the game

Illustrated notes

Levels and vault maps discovered:
D:1:      minmay_arrival_five_plusses, layout_loops_ring,
          minmay_shallow_snake_nest
D:2:      layout_basic, bh_walls_and_bars

Skill      XL: |  1  2  3 |
---------------+----------+-----
Stealth        | 2 |  2.9
Fighting       | 4 |  4.3
Dodging        | |  2.6
Unarmed Combat | |  2.6

Action                   |  1- 3 |  4- 6 || total
-------------------------+-------+-------++-------
Melee: Unarmed           |   189 |    11 ||   200
       Punch             |     4 |       ||     4
  Use: Scroll            |     2 |       ||     2
 Stab: Sleeping          |     8 |     1 ||     9
Armor: Robe              |    30 |       ||    30
       Troll leather arm |    18 |     5 ||    23
Dodge: Dodged            |   126 |     4 ||   130

Table legend: (Time is in decaauts)
 A = Elapsed time spent in this place.
 B = Non-inter-level travel time spent in this place.
 C = Inter-level travel time spent in this place.
 D = Time resting spent in this place.
 E = Time spent auto-exploring this place.
 F = Levels seen in this place.
 G = Mean time per level.
                   A        B        C        D        E       F      G
               +--------+--------+--------+--------+--------+-----+--------+
         Total |   1602 |   1537 |     65 |     74 |   1086 |   2 |  801.0 |
       Dungeon |   1602 |   1537 |     65 |     74 |   1086 |   2 |  801.0 |
               +--------+--------+--------+--------+--------+-----+--------+

Top non-repeatable levels by time:
     D:1: 1005 daAuts
     D:2: 596 daAuts
